 Dungeon Crawl Stone Soup version 0.18.1-47-g9310371 (webtiles) character file.

50 qqqbard the Vandal (level 4, 0/29 HPs)
             Began as a Halfling Hunter on June 17, 2016.
             Slain by an adder (2 damage)
             ... on level 2 of the Dungeon.
             The game lasted 00:02:08 (572 turns).

qqqbard the Vandal (Halfling Hunter)                 Turns: 572, Time: 00:02:08

Health: 0/29       AC:  3    Str: 12    XL:     4   Next: 4%
Magic:  4/4        EV: 14    Int: 10    God:
Gold:   58         SH:  0    Dex: 15    Spells: 0 memorised, 3 levels left

rFire  . . .     SeeInvis .     b - +0 short sword
rCold  . . .     Gourm    .     c - +0 leather armour
rNeg   . . .     Faith    .     (shield restricted)
rPois  .         Spirit   .     (no helmet)
rElec  .         Dismiss  .     (no cloak)
rCorr  .         Reflect  .     (no gloves)
SustAt .         Harm     .     (no boots)
MR     .....                    (no amulet)
Stlth  ++........               (no ring)
                                (no ring)

@: lethally poisoned (0 -> -7), not resistant to hostile enchantments,
unstealthy
A: mutation resistance 1
a: no special abilities


You were on level 2 of the Dungeon.
You were not hungry.

You visited 1 branch of the dungeon, and saw 2 of its levels.

You collected 58 gold pieces.

Inventory:

Hand Weapons
 a - a +1 hunting sling
 b - a +0 short sword (weapon)
Armour
 c - a +0 leather armour (worn)
Jewellery
 q - an uncursed ring of positive energy {unknown}
 r - a +3 ring of protection {unknown}
Scrolls
 e - a scroll of fog {unknown}
 j - a scroll of blinking {unknown}
 k - a scroll of immolation {unknown}
 n - a scroll of enchant armour {unknown}
 o - a scroll of identify {unknown}
 p - a scroll of magic mapping {unknown}
Potions
 g - a potion of curing {unknown}
 h - a potion of haste {unknown}
 l - a potion of cure mutation {unknown}
 m - 2 potions of heal wounds {unknown}
 s - a potion of brilliance {unknown}
 t - 2 potions of lignification {unknown}
Comestibles
 f - a bread ration


   Skills:
 - Level 1.7 Fighting
 * Level 7.7 Slings
 - Level 2.1 Dodging
 - Level 1.1 Stealth


You had 3 spell levels left.
You didn't know any spells.

Dungeon Overview and Level Annotations

Branches:
Dungeon (2/15)

Altars:


Innate Abilities, Weirdness & Mutations

You are small and have problems with some larger weapons.
You are somewhat resistant to further mutation.


Message History

The adder is severely wounded.
The adder closely misses you.
You miss the adder.
The adder is severely wounded.
* * * LOW HITPOINT WARNING * * *
You feel sick. The adder bites you.
* * * LOW HITPOINT WARNING * * *
You miss the adder.
The adder is severely wounded.
* * * LOW HITPOINT WARNING * * *
You feel sick. The adder barely misses you. The adder closely misses you.
You hit the adder.
The adder is almost dead.
* * * LOW HITPOINT WARNING * * *
You feel sick. The adder bites you.
* * * LOW HITPOINT WARNING * * *
You closely miss the adder.
The adder is almost dead.
The adder bites you.
You die...

# .....(..##(#####. #.
..............#.
#.######..#.#..###.#.
#....)...(.....#.#.#.
###.##......†.>......
####..(.#...............
#.....#.#..#.#.##.#.....
#.......S..............†
#...(.#@#....>....#.....
#######%#.$...###.#.###.
#((...#.# #.#.....
#.#.#.#.# ....#...
#...... # .......
......$. ........
#.......##........ ....
...


You could see an adder.

Vanquished Creatures
  2 adders (D:2)
  A dart slug (D:2)
  2 giant geckos
  4 bats
  4 giant cockroaches
  3 goblins (D:1)
  3 hobgoblins
  A giant newt (D:1)
  3 kobolds (D:1)
  4 rats (D:1)
27 creatures vanquished.

Notes
Turn   | Place    | Note
--------------------------------------------------------------
     0 | D:1      | qqqbard the Halfling Hunter began the quest for the Orb.
     0 | D:1      | Reached XP level 1. HP: 14/14 MP: 1/1
    46 | D:1      | Reached skill level 6 in Slings
    54 | D:1      | Reached XP level 2. HP: 19/19 MP: 2/2
   337 | D:1      | Reached skill level 7 in Slings
   337 | D:1      | Reached XP level 3. HP: 24/24 MP: 3/3
   523 | D:2      | Reached XP level 4. HP: 29/29 MP: 4/4
   572 | D:2      | Slain by an adder

Skill      XL: |  1  2 |
---------------+-------+-----
Slings         | 6 7 |  7.7
Fighting       | |  1.7
Dodging        | |  2.1
Stealth        | |  1.1

Action                   |  1- 3 |  4- 6 || total
-------------------------+-------+-------++-------
Melee: Short sword       |       |    12 ||    12
 Fire: Hunting sling     |    67 |    12 ||    79
Armor: Leather armour    |     2 |     2 ||     4
Dodge: Dodged            |     9 |    15 ||    24
